 Dungeon Crawl Stone Soup version 0.31-a0-1163-gcee99d1eea (webtiles) character file.

Game seed: 10658755663767181867

1941 Curundu the Spear-Bearer (level 8, -9/69 HPs)
             Began as a Minotaur Berserker on Dec 9, 2023.
             Was a Priest of Trog.
             Killed by divine providence
             ... invoked by an orc priest
              (13 damage)
             ... on level 6 of the Dungeon.
             The game lasted 00:22:22 (5236 turns).

Curundu the Spear-Bearer (Minotaur Berserker)       Turns: 5236, Time: 00:22:23

Health: -9/69      AC: 11    Str: 23    XL:     8   Next: 98%
Magic:  7/7        EV: 11    Int:  4    God:    Trog [***...]
Gold:   222        SH:  5    Dex: 11    Spells: 7/7 levels left

rFire   + . .        c - +1 falchion (holy)
rCold   . . .        (no shield)
rNeg    . . .        p - +4 scale mail {rF+}
rPois   .            (helmet restricted)
rElec   .            (no cloak)
rCorr   .            (no gloves)
SInv    .            (no boots)
Will    .....        d - amulet of reflection Stlth
                     k - ring of flight
HPRegen 0.31/turn    (no ring)
MPRegen 0.10/turn

%: reflection
@: flying
A: horns 2, retaliatory headbutt
a: Renounce Religion, Berserk, Trog's Hand


You were on level 6 of the Dungeon.
You worshipped Trog.
Trog was most pleased with you.
You visited 1 branch of the dungeon, and saw 6 of its levels.

You collected 222 gold pieces.

Inventory:

Hand Weapons
 a - a +0 spear
 c - a +1 falchion of holy wrath (weapon)
 n - a +0 sling
Missiles
 g - 7 stones (quivered)
 v - 2 poisoned darts
 B - 2 throwing nets
Armour
 p - a +4 scale mail of fire resistance (worn)
Jewellery
 d - an amulet of reflection (around neck)
 k - a ring of flight (left hand)
Wands
 C - a wand of flame (2)
 H - a wand of roots (7)
Scrolls
 b - a scroll of fog {unknown}
 e - a scroll of silence {unknown}
 f - 2 scrolls of revelation {unknown}
 j - 6 scrolls of identify {unknown}
 m - a scroll of torment {unknown}
 u - a scroll of poison {unknown}
 w - 2 scrolls of teleportation {unknown}
 y - 2 scrolls of blinking {unknown}
 E - a scroll of amnesia {unknown}
 G - a scroll of noise {unknown}
Potions
 h - a potion of might {unknown}
 i - 2 potions of curing
 l - a potion of resistance {unknown}
 o - a potion of berserk rage {unknown}
 q - 5 potions of heal wounds {unknown}
 r - a potion of cancellation {unknown}
 s - a potion of enlightenment {unknown}
 t - a potion of haste {unknown}
 x - a potion of ambrosia {unknown}
 z - a potion of brilliance {unknown}
 A - a potion of mutation {unknown}
 D - a potion of attraction {unknown}
 F - a potion of degeneration {unknown}


   Skills:
 + Level 5.6 Fighting
 + Level 8.3 Polearms
 + Level 4.4 Throwing
 + Level 7.1 Armour
 + Level 4.6 Dodging
 + Level 0.4 Stealth
 + Level 3.9 Shields
 + Level 1.0 Evocations


You had 7 spell levels left.
You didn't know any spells.
Your spell library contained the following spells:

 Spells                   Type           Power      Damage    Failure   Level
 Cigotuvi's Dreadful Rot  Necr/Pois/Air  0%         N/A       89%         2
 Dispel Undead            Necr           0%         3d6       100%        4
 Death Channel            Necr           0%         N/A       100%        6


Dungeon Overview and Level Annotations

Branches:
Dungeon (6/15)             Temple (0/1) D:4

Altars:
Elyvilon
Vehumet


Innate Abilities, Weirdness & Mutations

You have a pair of horns on your head.
You reflexively headbutt those who attack you in melee.


Message History

You bump into the rock wall.
You hear a zap.
A bolt of light appears from out of thin air!
The bolt of light misses you.
You closely miss something. Something hits you.
* * * LOW HITPOINT WARNING * * *
Something completely misses you.
You miss something.
You feel less confused. Something completely misses you.
You barely miss something. Your headbutt misses something.
You block something's attack.
You closely miss something. You headbutt something. Trog accepts your kill.
Trog appreciates your killing of a magic user.
Reactivating autopickup.
You feel a bit more experienced. The orc closely misses you.
You barely miss the orc. The orc closely misses you. You furiously retaliate!
You headbutt the orc!
You kill the orc!
Trog accepts your kill.
You closely miss the orc priest.
The orc priest mumbles some strange prayers to Beogh against you.
Beogh smites you!
* * * LOW HITPOINT WARNING * * *
You hit the orc priest but do no damage.
The orc priest hits you but does no damage.
You barely miss the orc priest.
The orc priest mumbles some strange prayers to Beogh against you.
Pain shoots through your body!
* * * LOW HITPOINT WARNING * * *
The orc priest closely misses you.
You closely miss the orc priest. You headbutt the orc priest!
The orc priest is severely wounded.
The orc priest looks satisfied for a moment.
You closely miss the orc priest. You headbutt the orc priest.
The orc priest is severely wounded.
The orc priest invokes the aid of Beogh against you.
Beogh smites you!
You die...

......##.# ##.
.# ########.>
..#.# .# ###
#...# .# ... .#
#.# ## #)# .#
#.#.# .# #.#o#
.#### #.#@#
....# #.#.#
....# #.#.#
....# #.#.#
.#### #.#.# .#
###########.#.#
.#
#.............#
.#
#.#.###########
.# #.#.#


You could see an orc priest.

Vanquished Creatures
  Maggie (D:6)
  A wyvern (D:6)
  An ice beast (D:6)
  4 ogres
  A bullfrog (D:4)
  5 scorpions
  An electric eel (D:6)
  A gnoll bouda (D:5)
  4 hounds
  A jelly (D:6)
  A sleepcap (D:4)
  3 iguanas
  3 orc wizards
  Terence (D:3)
  A mummy (D:4)
  10 gnolls
  11 adders
  2 shadow imps
  2 worms
  2 dart slugs
  14 orcs
  5 ball pythons
  2 endoplasms
  4 giant cockroaches
  7 goblins
  11 hobgoblins
  4 kobolds
  2 quokkas (D:1)
  2 bats
  2 frilled lizards
  A hobgoblin zombie (D:4)
  A kobold zombie (D:4)
  2 orc zombies (D:4)
  7 rats
120 creatures vanquished.

Vanquished Creatures (others)
  2 orc wizards
2 creatures vanquished.

Grand Total: 122 creatures vanquished

Notes
Turn   | Place    | Note
-------+----------+-------------------------------------------
     0 | D:1      | Curundu the Minotaur Berserker began the quest for the Orb.
     0 | D:1      | Reached XP level 1. HP: 19/19 MP: 0/0
   371 | D:1      | Reached skill level 4 in Polearms
   398 | D:1      | Reached XP level 2. HP: 27/27 MP: 1/1
   520 | D:1      | You fall into a shaft and drop 1 floor!
   591 | D:2      | Reached XP level 3. HP: 33/33 MP: 2/2
  1209 | D:3      | Noticed a scorpion
  1220 | D:3      | Killed a scorpion
  1221 | D:3      | Reached skill level 5 in Polearms
  1221 | D:3      | Reached skill level 1 in Throwing
  1221 | D:3      | Reached XP level 4. HP: 36/40 MP: 3/3
  1242 | D:3      | Noticed Terence
  1255 | D:3      | Killed Terence
  1256 | D:3      | Reached skill level 1 in Shields
  1256 | D:3      | Reached XP level 5. HP: 35/46 MP: 4/4
  1681 | D:3      | Reached ** piety under Trog
  2385 | D:4      | Found a staircase to the Ecumenical Temple.
  2459 | D:4      | Reached XP level 6. HP: 51/52 MP: 5/5
  3025 | D:4      | Reached skill level 5 in Armour
  3025 | D:4      | Reached XP level 7. HP: 57/60 MP: 6/6
  3170 | D:4      | Reached skill level 6 in Polearms
  3308 | D:5      | Entered Level 5 of the Dungeon
  3407 | D:5      | Reached skill level 5 in Fighting
  3414 | D:5      | Reached *** piety under Trog
  3504 | D:5      | Reached skill level 7 in Polearms
  3823 | D:5      | Reached XP level 8. HP: 50/68 MP: 7/7
  4098 | D:6      | HP: 2/68 [electric eel/bolt of electricity (6)]
  4309 | D:6      | Found a white marble altar of Elyvilon.
  4493 | D:6      | Noticed Maggie
  4513 | D:6      | Killed Maggie
  4514 | D:6      | Reached skill level 8 in Polearms
  4550 | D:6      | Reached skill level 1 in Evocations
  4986 | D:6      | Found a radiant altar of Vehumet.
  5234 | D:6      | HP: 3/69 [orc priest/nerve-wracking pain (8)]
  5236 | D:6      | Killed from afar by an orc priest

Illustrated notes

Levels and vault maps discovered:
D:1:      minmay_arrival_loop, layout_loops_cross, glass_columns_a,
          kennysheep_doodads, roderic_roman_lattice, serial_park_tiny_pond
D:2:      layout_loops_ring
D:3:      layout_basic, st_stairs_11, uniq_terence
D:4:      layout_loops_cross, temple_doors_cd, kennysheep_another_room,
          chequers_serial_rivers_room_a, minmay_mini_ossuary
D:5:      layout_cave_pools
D:6:      layout_loops_ring, nicolae_elyvilon_temple_path,
          mainiacjoe_overflow_24_doors, uniq_maggie

Skill      XL: |  1  2  3  4  5  6  7  8 |
---------------+-------------------------+-----
Polearms       | 4 5 7 8 |  8.3
Fighting       | 4 5 |  5.6
Throwing       | 1 2 3 4 |  4.4
Armour         | 3 4 5 7 |  7.1
Shields        | 1 2 3 |  3.9
Dodging        | 3 4 |  4.6
Evocations     | 1 |  1.0
Stealth        | |  0.4

Action                     |  1- 3 |  4- 6 |  7- 9 || total
---------------------------+-------+-------+-------++-------
  Melee: Spear             |    74 |   163 |   168 ||   405
         Headbutt          |     6 |    28 |    44 ||    78
         Punch             |       |     5 |     2 ||     7
         Falchion          |       |       |    31 ||    31
  Throw: Boomerang         |    28 |    28 |    14 ||    70
         Stone             |     9 |     6 |    17 ||    32
         Dart              |       |     2 |     4 ||     6
 Invoke: Trog's Hand       |       |     1 |     1 ||     2
  Evoke: Wand              |       |       |    18 ||    18
    Use: Potion            |       |       |     1 ||     1
 Armour: Scale mail        |    30 |    95 |    89 ||   214
         Skin              |       |     3 |       ||     3
  Dodge: Dodged            |    29 |    63 |    82 ||   174
  Block: Other             |    10 |    21 |    37 ||    68
         Reflection        |       |     1 |       ||     1

Table legend: (Time is in decaauts)
 A = Elapsed time spent in this place.
 B = Non-inter-level travel time spent in this place.
 C = Inter-level travel time spent in this place.
 D = Time resting spent in this place.
 E = Time spent auto-exploring this place.
 F = Levels seen in this place.
 G = Mean time per level.
                   A        B        C        D        E       F      G
               +--------+--------+--------+--------+--------+-----+--------+
         Total |   5178 |   5178 |      0 |    149 |   3732 |   6 |  863.0 |
       Dungeon |   5178 |   5178 |      0 |    149 |   3732 |   6 |  863.0 |
               +--------+--------+--------+--------+--------+-----+--------+

Top non-repeatable levels by time:
     D:6: 1136 daAuts
     D:3: 1087 daAuts
     D:4: 1028 daAuts
     D:5: 761 daAuts
     D:2: 643 daAuts
     D:1: 521 daAuts
